 Dungeon Crawl Stone Soup version 0.31-a0-968-g24f9ace8b5 (webtiles) character file.

Game seed: 14826138968513795181

9 IdlyInterested the Trooper (level 2, -1/24 HPs)
             Began as a Demonspawn Fighter on Oct 27, 2023.
             Slain by a goblin
             ... wielding a +0 club
             ... led by Robin
              (3 damage)
             ... on level 2 of the Dungeon.
             The game lasted 00:01:36 (212 turns).

IdlyInterested the Trooper (Demonspawn Fighter)      Turns: 212, Time: 00:01:37

Health: -1/24      AC:  6    Str: 16    XL:     2   Next: 6%
Magic:  2/2        EV:  8    Int:  9    God:
Gold:   14         SH:  4    Dex: 12    Spells: 1/1 levels left

rFire   . . .        a - +0 long sword
rCold   . . .        c - +0 buckler
rNeg    . . .        b - +0 scale mail
rPois   .            (no helmet)
rElec   .            (no cloak)
rCorr   .            (no gloves)
SInv    .            (no boots)
Will    .....        (no amulet) Stlth
                     (no ring)
HPRegen 0.24/turn    (no ring)
MPRegen 0.08/turn

%: no passive effects
@: mighty, lethally poisoned (-1 -> -3), hasted, very quick
A: powered by death 1
a: no special abilities


You were on level 2 of the Dungeon.
You visited 1 branch of the dungeon, and saw 2 of its levels.

You collected 14 gold pieces.

Inventory:

Hand Weapons
 a - a +0 long sword (weapon)
 h - a +0 dagger
Missiles
 f - 3 stones (quivered)
Armour
 b - a +0 scale mail (worn)
 c - a +0 buckler (worn)
Scrolls
 g - a scroll of poison {unknown}
Potions
 d - a potion of might


   Skills:
 + Level 3.3 Fighting
 - Level 1.7 Long Blades
 - Level 3.0 Armour
 + Level 0.0 Dodging
 - Level 2.6 Shields


You had one spell level left.
You didn't know any spells.
Your spell library contained the following spells:

 Spells                   Type           Power      Damage    Failure   Level
 Summon Guardian Golem    Hex/Summ       0%         N/A       99%         3
 Orb of Destruction       Conj           0%         9d5       100%        7
 Spellforged Servitor     Conj/Summ      0%         N/A       100%        7


Dungeon Overview and Level Annotations

Branches:
Dungeon (1/15)

Altars:

Annotations:
D:2 Robin


Innate Abilities, Weirdness & Mutations

You regenerate a little health from kills.


Message History

You block the adder's attack. The adder bites you.
You are poisoned.
The adder poisons you!
You hit the adder.
The adder is almost dead.
You feel sick. The adder bites you.
You are more poisoned.
The adder poisons you! The adder bites you.
You closely miss the adder.
The adder is almost dead.
You feel sick. Robin throws the goblin at you! The adder bites you.
You are more poisoned.
The adder poisons you!
A goblin comes into view. It is wielding a +0 club.
Robin roars a battlecry!
The goblins go into a battle-frenzy!
You block the goblin's attack.
You hear a shout! x2
You barely miss the goblin.
You feel very sick. The adder bites you but does no damage.
Robin says, "Bow before me, strongest of all the hobgoblins!"
The goblin hits you with a +0 club. The adder bites you but does no damage.
You hit the goblin.
The goblin is heavily wounded.
You feel sick. The adder bites you.
* * * LOW HITPOINT WARNING * * *
A goblin comes into view. It is wielding a +0 club.
The goblin completely misses you. The adder bites you but does no damage.
The goblin hits you with a +0 club.
* * * LOW HITPOINT WARNING * * *
A goblin comes into view. It is wielding a +0 dagger.
You feel very mighty all of a sudden.
* * * LOW HITPOINT WARNING * * *
You feel sick. The adder barely misses you. The goblin barely misses you.
It was a potion of haste.
You feel yourself speed up.
* * * LOW HITPOINT WARNING * * *
You feel sick. You block the adder's attack.
The adder bites you but does no damage. The goblin hits you with a +0 club.
You die...

########### #.........#
....../... ....gg......
#.##gg.S.g$. #.##S#
#.##@# #.##g# #.##.######
#.##......# #.#######.#
###### #...# #.# .....#
###.#####.###
.....##########.#.......#
................'.......+


You could see Robin, an adder and 4 goblins.

Vanquished Creatures
  3 goblins (D:2)
  A hobgoblin (D:2)
  3 bats
  2 frilled lizards
  A rat (D:1)
10 creatures vanquished.

Notes
Turn   | Place    | Note
-------+----------+-------------------------------------------
     0 | D:1      | IdlyInterested the Demonspawn Fighter began the quest for
                  | the Orb.
     0 | D:1      | Reached XP level 1. HP: 18/18 MP: 1/1
    91 | D:1      | You fall into a shaft and drop 1 floor!
   179 | D:2      | Noticed Robin
   194 | D:2      | Gained mutation: You regenerate a little health from kills.
                  | [demonic ancestry]
   194 | D:2      | Reached XP level 2. HP: 24/24 MP: 2/2
   212 | D:2      | Slain by a goblin

Illustrated notes

Levels and vault maps discovered:
D:1:      sevenhm_arrival_forest_fort_large_4, layout_basic
D:2:      layout_basic, serial_shops, shop, dk_noncrumbling_3, uniq_robin

Skill      XL: |  1 |
---------------+----+-----
Armour         | 3 |  3.0
Fighting       | |  3.3
Long Blades    | |  1.7
Shields        | |  2.6

Action                     || total
---------------------------++-------
  Melee: Long sword        ||    43
  Throw: Stone             ||     4
    Use: Potion            ||     2
 Armour: Scale mail        ||    42
  Dodge: Dodged            ||    23
  Block: Buckler           ||    16

Table legend: (Time is in decaauts)
 A = Elapsed time spent in this place.
 B = Non-inter-level travel time spent in this place.
 C = Inter-level travel time spent in this place.
 D = Time resting spent in this place.
 E = Time spent auto-exploring this place.
 F = Levels seen in this place.
 G = Mean time per level.
                   A        B        C        D        E       F      G
               +--------+--------+--------+--------+--------+-----+--------+
         Total |    227 |    227 |      0 |      0 |    105 |   2 |  113.5 |
       Dungeon |    227 |    227 |      0 |      0 |    105 |   2 |  113.5 |
               +--------+--------+--------+--------+--------+-----+--------+

Top non-repeatable levels by time:
     D:2: 131 daAuts
     D:1: 96 daAuts
